 Dungeon Crawl Stone Soup version 0.26-a0-1013-gf6ffb0d6bd (webtiles) character file.

Game seed: 2770724015317767272

3160 lunkers the Cleaver (level 9, -7/84 HPs)
             Began as a Palentonga Fighter on Dec 7, 2020.
             Was a Follower of the Shining One.
             Mangled by a komodo dragon (19 damage)
             ... on level 8 of the Dungeon.
             The game lasted 00:11:29 (7674 turns).

lunkers the Cleaver (Palentonga Fighter)            Turns: 7674, Time: 00:11:29

Health: -7/84      AC: 22    Str: 24    XL:     9   Next: 62%
Magic:  9/9        EV:  3    Int:  8    God:    the Shining One [*.....]
Gold:   449        SH: 10    Dex: 11    Spells: 8/8 levels left

rFire    . . .     SeeInvis +   a - +0 war axe
rCold    + . .     Faith    .   c - +0 kite shield
rNeg     . . .     Spirit   .   i - +0 plate armour
rPois    .         Reflect  .   u - +2 hat
rElec    .         Harm     .   s - +2 cloak
rCorr    .         Rampage  .   t - +0 pair of gloves
Will     .....                  (no barding)
Stlth    ..........             (no amulet)
HPRegen  0.24/turn              C - ring of protection from cold
MPRegen  0.11/turn              (no ring)

@: glowing, curled up
A: large, horns 1, rugged brown scales 3, see invisible, deformed body, high mp
1, strong 1, roll 1, armoured tail, reflexive curl
a: Rolling Charge, Renounce Religion


You were on level 8 of the Dungeon.
You worshipped the Shining One.
The Shining One was aware of your devotion.
You visited 2 branches of the dungeon, and saw 9 of its levels.

You collected 449 gold pieces.

Inventory:

Hand Weapons
 a - a +0 war axe (weapon)
Armour
 c - a +0 kite shield (worn)
 i - a +0 plate armour (worn)
 s - a +2 cloak (worn)
 t - a +0 pair of gloves (worn)
 u - a +2 hat (worn)
 A - a +3 leather armour of willpower
Jewellery
 C - a ring of protection from cold (left hand)
Wands
 F - a wand of polymorph (7)
Scrolls
 g - 2 scrolls of blinking {unknown}
 h - 2 scrolls of amnesia {unknown}
 j - 6 scrolls of teleportation {unknown}
 k - a scroll of identify
 l - 2 scrolls of enchant armour {unknown}
 m - 2 scrolls of magic mapping {unknown}
 o - 7 scrolls of remove curse
 x - a scroll of fog {unknown}
 B - a scroll of random uselessness {unknown}
Potions
 b - 2 potions of berserk rage
 d - a potion of might
 e - 2 potions of mutation
 f - a potion of magic
 n - a potion of flight
 q - 8 potions of curing
 w - a potion of brilliance
 z - a potion of lignification
 D - a potion of ambrosia


   Skills:
 + Level 7.4 Fighting
 * Level 9.8 Axes
 - Level 2.4 Armour
 + Level 6.1 Shields


You had 8 spell levels left.
You didn't know any spells.
Your spell library contained the following spells:

 Spells                   Type           Power        Failure   Level
 Magic Dart               Conj           #...         100%        1
 Sting                    Tmut/Pois      #...         100%        1
 Blink                    Tloc           N/A          100%        2
 Call Imp                 Summ           #.......     100%        2
 Poisonous Vapours        Pois/Air       #.....       100%        2
 Slow                     Hex            #.......     100%        2
 Conjure Flame            Conj/Fire      #.......     100%        3
 Ignite Poison            Fire/Tmut/Pois #.......     100%        3
 Mephitic Cloud           Conj/Pois/Air  #.......     100%        3
 Olgreb's Toxic Radiance  Pois           #.......     100%        4


Dungeon Overview and Level Annotations

Branches:
Dungeon (8/15)             Temple (1/1) D:6
   Lair: D:8-11

Altars:
Ashenzari
Cheibriados
Dithmenos
Elyvilon
Gozag
Hepliaklqana
Kikubaaqudgha
Makhleb
Nemelex Xobeh
Okawaru
Qazlal
Ru
Sif Muna
Trog
Uskayaw
Vehumet
Wu Jian
Xom
Zin
The Shining One

Shops:
D:4 ?


Innate Abilities, Weirdness & Mutations

You are completely covered in rugged brown scales. (AC +3, +7% HP)
You have supernaturally acute eyesight. (SInv)
Armour fits poorly on your strangely shaped body.
You can roll at nearby foes to attack.
You have a long armoured tail.
You curl defensively after being hit.
You have a pair of small horns on your head.
You have an increased reservoir of magic. (+10% MP)
Your muscles are strong. (Str +2)


Message History

The komodo dragon is heavily wounded.
You hit the black bear. You block the komodo dragon's attack.
The black bear goes berserk!
Unknown command.
You hit the komodo dragon.
The komodo dragon is severely wounded.
You hit the black bear.
The black bear bites you but does no damage.
The black bear claws you but does no damage.
You block the black bear's attack. The komodo dragon bites you!!
* * * LOW HITPOINT WARNING * * *
The black bear bites you but does no damage.
The black bear claws you but does no damage. x2
Unknown command.
You barely miss the komodo dragon.
Your tail-slap misses the komodo dragon.
The komodo dragon is heavily wounded.
Your plate armour prevents you from hitting the black bear.
The komodo dragon bites you!!
You die...

#.# ....# #..#
...|##
#..####.....#
#...#...)..##
#............
#...........
##...(.......
##...(..######
#######>.@l).##
.........(h.##
.......<[..##
........(.##
...?.......#
....##.....#
#.# ###...# #
#...# #....


You could see a komodo dragon and a black bear (berserk).

Vanquished Creatures
  Erica (D:8)
  Grum (D:7)
  Duvessa (D:6)
  2 ice beasts (D:7)
  2 sky beasts
  2 phantoms
  An ogre (D:7)
  A centaur (D:8)
  A big kobold (D:7)
  2 gnoll sergeants (D:7)
  4 bullfrogs
  Dowan (D:6)
  An electric eel (D:6)
  A bullfrog zombie (D:5)
  4 orc wizards
  2 gnoll shamans (D:7)
  13 hounds
  An orc priest (D:3)
  An iguana (D:7)
  3 worker ants
  A killer bee zombie (D:7)
  A mummy (D:5)
  12 gnolls
  8 adders
  A white imp (D:6)
  2 ufetubi
  2 oozes
  An adder zombie (D:6)
  An adder skeleton (D:4)
  3 leopard geckos
  8 orcs
  A ball python (D:4)
  9 bats
  3 giant cockroaches
  7 hobgoblins
  7 jackals
  9 kobolds
  2 quokkas
  9 frilled lizards
  6 goblins
  A jackal skeleton (D:6)
  7 rats
146 creatures vanquished.

Vanquished Creatures (others)
  A jelly (D:8)
  15 fungi (D:8)
  12 plants (D:8)
28 creatures vanquished.

Grand Total: 174 creatures vanquished

Notes
Turn   | Place    | Note
-------+----------+-------------------------------------------
     0 | D:1      | lunkers the Palentonga Fighter began the quest for the Orb.
     0 | D:1      | Reached XP level 1. HP: 20/20 MP: 1/1
   130 | D:1      | Reached XP level 2. HP: 21/27 MP: 2/2
   602 | D:1      | Reached XP level 3. HP: 33/33 MP: 3/3
   817 | D:2      | Reached skill level 3 in Axes
  1111 | D:2      | Reached XP level 4. HP: 31/40 MP: 4/4
  1357 | D:2      | Found a glowing silver altar of Zin.
  1499 | D:2      | Found a hazy altar of Hepliaklqana.
  1890 | D:3      | Gained mutation: You have a pair of small horns on your
                  | head. [potion of mutation]
  1890 | D:3      | Gained mutation: Your muscles are strong. (Str +2) [potion
                  | of mutation]
  1890 | D:3      | Gained mutation: You have an increased reservoir of magic.
                  | (+10% MP) [potion of mutation]
  2141 | D:3      | Reached skill level 4 in Axes
  2141 | D:3      | Reached XP level 5. HP: 44/49 MP: 5/5
  2490 | D:4      | Found an iron altar of Okawaru.
  2686 | D:4      | Reached XP level 6. HP: 46/55 MP: 6/6
  2807 | D:4      | Found Gepaeh's Magic Scroll Shop.
  2993 | D:5      | Entered Level 5 of the Dungeon
  3323 | D:5      | Found a snail-covered altar of Cheibriados.
  3328 | D:5      | Reached skill level 5 in Axes
  3782 | D:6      | Gained mutation: You curl defensively after being hit.
                  | [Palentonga growth]
  3782 | D:6      | Reached XP level 7. HP: 40/64 MP: 7/7
  4322 | D:6      | Found a staircase to the Ecumenical Temple.
  4331 | D:6      | Reached skill level 5 in Fighting
  4331 | D:6      | Reached skill level 6 in Axes
  4336 | Temple   | Entered the Ecumenical Temple
  4613 | Temple   | Became a worshipper of the Shining One
  4818 | D:6      | Found a shadowy altar of Dithmenos.
  5475 | D:7      | Reached XP level 8. HP: 73/73 MP: 8/8
  5483 | D:7      | Reached skill level 7 in Axes
  5806 | D:7      | Reached * piety under the Shining One
  5921 | D:7      | Reached skill level 5 in Shields
  6055 | D:7      | Reached skill level 8 in Axes
  6057 | D:7      | Noticed Duvessa
  6064 | D:7      | Noticed Dowan
  6298 | D:6      | Killed Dowan
  6309 | D:6      | Killed Duvessa
  6761 | D:7      | Reached XP level 9. HP: 83/83 MP: 9/9
  6909 | D:7      | Noticed Grum
  6913 | D:7      | Killed Grum
  6914 | D:7      | Reached skill level 9 in Axes
  7078 | D:8      | Noticed Erica
  7299 | D:8      | Noticed a komodo dragon
  7301 | D:8      | Killed Erica
  7674 | D:8      | Mangled by a komodo dragon

Illustrated notes

Levels and vault maps discovered:
D:1:      mrwooster_arrival_statue, layout_basic
D:2:      layout_basic, general_overflow_altar, lemuel_doored_altar
D:3:      layout_loops_ring
D:4:      layout_loops_ring, nicolae_overflow_crystal_walls, serial_shops,
          nicolae_shop_statue_plus
D:5:      layout_basic, slow_altar_1
D:6:      wad_river_or_something, layout_basic, minmay_temple_entry_ruins,
          grunt_dithmenos_shadows
D:7:      layout_cave_pools, serial_gnoll_camp, gnoll_camp_mini_house,
          gnoll_camp_huts_basic, grums_kennel, gnoll_camp_mini_loothouse,
          uniq_duvessa
D:8:      layout_layer_cave, lemuel_zombie_altar_yredelemnul,
          grunt_lair_entry_orc_guard_hut, uniq_erica
Temple:   nicolae_temple_elliptical

Skill      XL: |  1  2  3  4  5  6  7  8  9 |
---------------+----------------------------+-----
Axes           | 3 4 5 6 8 9 |  9.8
Shields        | 3 4 5 6 |  6.1
Fighting       | 4 5 6 7 |  7.4
Armour         | |  2.4

Action                   |  1- 3 |  4- 6 |  7- 9 || total
-------------------------+-------+-------+-------++-------
Melee: War axe           |    79 |   133 |   217 ||   429
       Tailslap          |     9 |    16 |    33 ||    58
       Headbutt          |       |     8 |    36 ||    44
 Abil: Rolling Charge    |    20 |    33 |    34 ||    87
Evoke: Wand              |       |       |    18 ||    18
  Use: Potion            |       |     3 |       ||     3
       Scroll            |       |       |    10 ||    10
Armor: Scale mail        |    30 |       |       ||    30
       Plate armour      |     4 |    93 |   192 ||   289
Dodge: Dodged            |    13 |     8 |    25 ||    46
Block: Kite shield       |    31 |    52 |   128 ||   211

Table legend: (Time is in decaauts)
 A = Elapsed time spent in this place.
 B = Non-inter-level travel time spent in this place.
 C = Inter-level travel time spent in this place.
 D = Time resting spent in this place.
 E = Time spent auto-exploring this place.
 F = Levels seen in this place.
 G = Mean time per level.
                   A        B        C        D        E       F      G
               +--------+--------+--------+--------+--------+-----+--------+
         Total |   7796 |   7575 |    221 |   1259 |   5213 |   9 |  866.2 |
       Dungeon |   7499 |   7298 |    201 |   1259 |   5073 |   8 |  937.4 |
        Temple |    297 |    277 |     20 |      0 |    140 |   1 |  297.0 |
               +--------+--------+--------+--------+--------+-----+--------+

Top non-repeatable levels by time:
     D:6: 1936 daAuts
     D:7: 1666 daAuts
     D:2: 939 daAuts
     D:1: 839 daAuts
     D:5: 791 daAuts
     D:4: 655 daAuts
     D:3: 627 daAuts
  Temple: 297 daAuts
     D:8: 42 daAuts
